 Dungeon Crawl Stone Soup version 0.22-a0-587-g7d32d7c (webtiles) character file.

314 royokou the Conjurer (level 5, -2/38 HPs)
             Began as a Demigod Conjurer on July 3, 2018.
             Slain by Duvessa
             ... wielding a +0 short sword
              (9 damage)
             ... on level 4 of the Dungeon.
             The game lasted 00:14:36 (2749 turns).

royokou the Conjurer (Demigod Conjurer)             Turns: 2749, Time: 00:14:37

Health: -2/38      AC:  6    Str: 11    XL:     5   Next: 98%
Magic:  20/22      EV: 11    Int: 21    God:
Gold:   168        SH:  0    Dex: 16    Spells: 0/10 levels left

rFire    . . .     SeeInvis .   b - +2 dagger (venom)
rCold    . . .     Gourm    .   (no shield)
rNeg     . . .     Faith    .   e - +0 ring mail
rPois    .         Spirit   .   h - +0 helmet
rElec    .         Reflect  .   (no cloak)
rCorr    .         Harm     .   (no gloves)
MR       .....                  (no boots)
Stlth    ++........             (no amulet)
HPRegen  0.12/turn              k - ring of stealth
MPRegen  0.18/turn              i - ring of magical power

@: hasted, very quick
A: high mp 1
a: no special abilities


You were on level 4 of the Dungeon.
You were not hungry.

You visited 1 branch of the dungeon, and saw 4 of its levels.

You collected 168 gold pieces.

Inventory:

Hand Weapons
 b - a +2 dagger of venom (weapon)
 f - a +0 dagger of venom
 n - a +1 dagger of flaming
Armour
 e - a +0 ring mail (worn)
 h - a +0 helmet (worn)
 l - a +0 scale mail
 m - a +0 chain mail
 q - a +0 shield
Jewellery
 i - a ring of magical power (right hand)
 k - a ring of stealth (left hand)
Scrolls
 r - a scroll of fear
Potions
 a - 2 potions of curing
 d - a potion of brilliance {unknown}
 g - a potion of degeneration {unknown}
 j - a potion of lignification {unknown}
 p - a potion of mutation {unknown}
 s - a potion of haste
Comestibles
 c - 6 rations


   Skills:
 - Level 1.7 Dodging
 - Level 1.7 Stealth
 + Level 3.3 Spellcasting
 * Level 5.5 Conjurations
 + Level 1.9 Hexes


You couldn't memorise any spells.
You knew the following spells:

 Your Spells              Type           Power        Failure   Level  Hunger
a - Magic Dart            Conj           ####         3%          1    None
b - Searing Ray           Conj           ####..       4%          2    ##.....
c - Dazzling Spray        Conj/Hex       ###...       21%         3    ###....
d - Iskenderun's Mystic   Conj           ####....     30%         4    ####...

Your spell library contained the following spells:

 Spells                   Type           Power        Failure   Level  Hunger
 Fulminant Prism          Conj/Hex       ###.......   54%         4    ####...
 Force Lance              Conj/Tloc      ###.....     69%         4    ####...


Dungeon Overview and Level Annotations

Branches:
Dungeon (4/15)
 Temple: D:4-7

Annotations:
D:4 Duvessa


Innate Abilities, Weirdness & Mutations

You have an increased reservoir of magic. (+10% MP)


Message History

a dagger; a robe; the elf corpse of Dowan Duvessa hits you with a short sword!
You feel yourself speed up. Duvessa barely misses you.
Duvessa hits you but does no damage.
Duvessa rages.
The hound barks!
The hound bites you but does no damage.
You hit the hound.
The hound is poisoned.
The hound is moderately wounded.
The hound bites you but does no damage.
You barely miss the hound.
The hound is moderately wounded.
Duvessa hits you with a short sword!
* * * LOW HITPOINT WARNING * * *
The hound bites you.
* * * LOW HITPOINT WARNING * * *
You barely miss the hound.
The hound is moderately wounded.
Duvessa hits you with a short sword!
You die...

### ##+## #### #.. ##...##
..# #.#### ##.....## #.#
#.##.## ##......)##
##.######.#...####.........#
.).............e@h.........+
.#.######.....####.....<...#
.#.# ##.#.## ##.......##
.#.# #.### ##.....## ...#
#.# ##...## .### #.# ##+##
.# #.# .# #.# .# #.#


You could see Duvessa (berserk) and a hound.

Vanquished Creatures
  Dowan (D:4)
  2 orc wizards (D:3)
  2 worker ants
  6 adders
  An ooze (D:3)
  4 worms
  4 dart slugs
  4 leopard geckos
  6 orcs (D:3)
  2 ball pythons (D:3)
  3 bats
  3 giant cockroaches
  11 goblins
  4 hobgoblins
  A quokka (D:2)
  5 frilled lizards
  9 kobolds
  9 rats
77 creatures vanquished.

Notes
Turn   | Place    | Note
-------+----------+-------------------------------------------
     0 | D:1      | royokou the Demigod Conjurer began the quest for the Orb.
     0 | D:1      | Reached XP level 1. HP: 14/14 MP: 5/5
   189 | D:1      | Reached skill level 4 in Conjurations
   280 | D:1      | Reached XP level 2. HP: 20/20 MP: 4/7
   284 | D:1      | Learned a level 2 spell: Searing Ray
   767 | D:2      | Reached XP level 3. HP: 26/26 MP: 2/9
   843 | D:2      | Learned a level 3 spell: Dazzling Spray
  1274 | D:2      | Reached XP level 4. HP: 33/33 MP: 5/10
  1794 | D:3      | Reached skill level 5 in Conjurations
  1794 | D:3      | Reached skill level 1 in Hexes
  1819 | D:3      | Reached XP level 5. HP: 12/38 MP: 3/12
  2159 | D:3      | Learned a level 4 spell: Iskenderun's Mystic Blast
  2590 | D:3      | Found a snail-covered altar of Cheibriados.
  2705 | D:4      | Noticed Dowan
  2712 | D:4      | Killed Dowan
  2724 | D:4      | Noticed Duvessa
  2749 | D:4      | Slain by Duvessa

Vault maps used:
D:1:      minmay_arrival_glassed_features
D:3:      kennysheep_slug_shrine, first_ration
D:4:      tgw_xom, uniq_duvessa

Skill      XL: |  1  2  3  4 |
---------------+-------------+-----
Conjurations   | 4 5 |  5.5
Spellcasting   | 2 3 |  3.3
Hexes          | 1 |  1.9
Dodging        | |  1.7
Stealth        | |  1.7

Action                   |  1- 3 |  4- 6 || total
-------------------------+-------+-------++-------
Melee: Dagger            |     3 |    15 ||    18
       Short sword       |     9 |       ||     9
 Cast: Magic Dart        |    66 |    58 ||   124
       Searing Ray       |     7 |    16 ||    23
  Use: Scroll            |     5 |     1 ||     6
       Potion            |       |     2 ||     2
  Eat: Chunk             |     2 |     5 ||     7
Armor: Robe              |     1 |       ||     1
       Ring mail         |     8 |     9 ||    17
Dodge: Dodged            |    16 |    15 ||    31

Table legend:
 A = Spawn XP
 B = Non-spawn XP
 C = Spawn XP percentage of total XP
 D = Spawn monster count
 E = Non-spawn monster count
 F = Spawn count percentage of total count
 G = Total turns spent on level
                    A         B        C        D         E        F      G
               +---------+---------+-------+---------+---------+-------+---------
         Total |       0 |     449 |   0.0 |       0 |      77 |   0.0 |  2749
               +---------+---------+-------+---------+---------+-------+---------
           D:1 |       0 |      36 |   0.0 |       0 |      21 |   0.0 |   695
           D:2 |       0 |      89 |   0.0 |       0 |      23 |   0.0 |   996
           D:3 |       0 |     222 |   0.0 |       0 |      31 |   0.0 |   987
           D:4 |       0 |     102 |   0.0 |       0 |       2 |   0.0 |    71
               +---------+---------+-------+---------+---------+-------+---------
